[Event "Live Chess"]
[Site "Chess.com"]
[Date "2023.05.21"]
[Round "-"]
[White "davigator"]
[Black "whatnot126"]
[Result "1-0"]
[WhiteElo "2305"]
[BlackElo "2067"]
[TimeControl "300"]
[EndTime "8:13:59 PDT"]
[Termination "davigator won by checkmate"]

1. e4 d6 2. d4 Nf6 3. Nc3 g6 4. Bg5 Bg7 5. f3 c6 6. Qd2 Qa5 7. O-O-O b5 8. Kb1 Nbd7 9. Bh6 Bxh6 10. Qxh6 Nb6 11. Nce2 Be6 12. Nc1 Nc4 13. Bxc4 bxc4 14. c3 Rb8 15. Ka1 Kd7 16. Nge2 Rb6 17. Rd2 Ra6 18. g4 c5 19. d5 Bxg4 20. fxg4 Nxg4 21. Qf4 Nf6 22. e5 dxe5 23. Qxe5 Rd8 24. Re1 Qc7 25.
Qe3 Ke8 26. Nf4 Kf8 27. h4 Ng4 28. Qe4 Nf6 29. Qxc4 Rb6 30. b3 a5 31. Nce2 Qe5 32. Kb1 Rdb8 33. Kc2 Qf5+ 34. Qd3 Ne4 35. Rdd1 a4 36.
Nc1 Qxf4 37. Rxe4 axb3+ 38. axb3 Qc7 39. c4 Qa7 40. Qe3 Rf6 41. Re1 Rb7 42. Re2 h5 43.
Qh6+ Kg8 44. Qg5 Kg7 45. Qe5 Kf8 46. Rf4 Ra6 47. Qh8# 1-0

[Event "Live Chess"]
[Site "Chess.com"]
[Date "2023.05.21"]
[Round "-"]
[White "MartinWalker4"]
[Black "GMHarry-youtube"]
[Result "1-0"]
[WhiteElo "2093"]
[BlackElo "2006"]
[TimeControl "300"]
[EndTime "8:14:04 PDT"]
[Termination "MartinWalker4 won by resignation"]

1. e4 c5 2. Nf3 d6 3. Bb5+ Bd7 4. Bxd7+ Qxd7 5. O-O Nc6 6. c3 d5 7. exd5 Qxd5 8. d4 Nf6 9. Be3 cxd4 10. cxd4 e6 11. Nc3 Qd8 12. Qb3 b6 13. Rac1 Bd6 14. Nb5 Rc8 15. Ne5 Nxe5 16. Rxc8 Qxc8 17. Nxd6+ Kd7 18. Nxc8 1-0

[Event "Live Chess"]
[Site "Chess.com"]
[Date "2023.05.21"]
[Round "-"]
[White "garyjc"]
[Black "SinisterSide"]
[Result "1-0"]
[WhiteElo "1080"]
[BlackElo "490"]
[TimeControl "300"]
[EndTime "8:14:10 PDT"]
[Termination "garyjc won by checkmate"]

1. e4 e5 2. Nf3 Nc6 3. d4 d6 4.
d5 Nd4 5. Nxd4 exd4 6. Qxd4 Nf6 7. Nc3 c5 8. Qd3 Be7 9. Be2 O-O 10. O-O Bg4 11.
Bg5 Bxe2 12. Qxe2 Nd7 13. Be3 Bg5 14. Bxg5 Qxg5 15. f4 Qd8 16. f5 Ne5 17. f6 gxf6 18.
Qe3 Qe7 19. Qg3+ Ng6 20. h4 h5 21. Rf5 Kh8 22. Rxh5+ Kg7 23. Rf5 Rh8 24. h5 Kf8 25.
hxg6 fxg6 26. Qxg6 Qg7 27. Rxf6+ Kg8 28. Qf5 Rf8 29.
Qe6+ Kh7 30. Rxf8 Rxf8 31. Qh3+ Kg8 32. Nb5 Qh7 33. Qg3+ Qg7 34. Qxg7+ Kxg7 35. Nxd6 b6 36. a4 Rd8 37. Nf5+ Kh8 38. Rf1 Re8 39. d6 Rxe4 40.
d7 Rd4 41. Re1 Rxd7 42. Re8+ Kh7 43. Re3 Rg7 44. Nxg7 Kxg7 45. Re7+ Kf6 46. Rxa7 Ke5 47. Ra6 Kd5 48. Rxb6 c4 49. a5 Kd4 50. a6 c3 51. a7 cxb2 52. Rxb2 Kc3 53. Rb8 Kxc2 54. a8=Q Kd2 55. Rb2+ Ke3 56. Qa3+ Kd4 57. Rb4+ Ke5 58. Qa5+ Kf6 59. Rb6+ Kg7 60. Qa7+ Kh8 61. Rb8# 1-0

[Event "Live Chess"]
[Site "Chess.com"]
[Date "2023.05.21"]
[Round "-"]
[White "McSlash1"]
[Black "gamechessandmatch"]
[Result "1-0"]
[WhiteElo "1984"]
[BlackElo "397"]
[TimeControl "300"]
[EndTime "8:14:15 PDT"]
[Termination "McSlash1 won by resignation"]

1. e4 e5 2. Nf3 Nc6 3. Bb5 f5 4. Bxc6 fxe4 5. Bxe4 Nf6 6. d3 Bb4+ 7. c3 Bc5 8. d4 Bd6 9. dxe5 Bxe5 10. Nxe5 Nxe4 11. Qd5 Qh4 12. O-O Ng5 13. g3 Qe4 14.
Qxe4 Nxe4 15. Re1 d6 16. Nc4 d5 17. Ne5 O-O 18. Be3 Bh3 19. Nd2 Rxf2 20. Bxf2 Rf8 21. Nxe4 1-0

[Event "Live Chess"]
[Site "Chess.com"]
[Date "2023.05.21"]
[Round "-"]
[White "Conradical12"]
[Black "Mechhead7"]
[Result "0-1"]
[WhiteElo "1520"]
[BlackElo "1779"]
[TimeControl "300"]
[EndTime "8:14:15 PDT"]
[Termination "Mechhead7 won by resignation"]

1. e4 Nf6 2. d4 Nxe4 3. Bd3 Nf6 4. Nf3 d5 5. O-O Bg4 6. Re1 e6 7. Nbd2 Be7 8. c3 O-O 9. Qc2 Nbd7 10. Ne5 Bh5 11. Ndf3 c5 12. Bg5 cxd4 13. Nxd7 Nxd7 14.
Bxe7 Qxe7 15. Nxd4 Rac8 16. Nf5 Qf6 17. Nd6 Rc6 18.
Nb5 a6 19. Nd4 Rcc8 20. Re3 Bg6 21. Bxg6 hxg6 22. Rh3 e5 23. Nf3 e4 24. Nd4 Qxd4 25. cxd4 Rxc2 26. Re1 Rfc8 0-1

[Event "Live Chess"]
[Site "Chess.com"]
[Date "2023.05.21"]
[Round "-"]
[White "SupremeTactician"]
[Black "Crowded_House"]
[Result "1/2-1/2"]
[WhiteElo "2196"]
[BlackElo "1615"]
[TimeControl "300"]
[EndTime "8:14:19 PDT"]
[Termination "Game drawn by repetition"]

1. e4 e6 2. d4 d5 3. Be3 dxe4 4.
Nd2 Nf6 5. c3 Bd6 6. Qc2 O-O 7.
Nxe4 Nxe4 8. Qxe4 Nd7 9. Nf3 Nf6 10. Qc2 b6 11. Bd3 Bb7 12. Be2 Nd5 13. O-O Nxe3 14. fxe3 c5 15. Rad1 Qc7 16. e4 cxd4 17. Rxd4 Bc5 18.
Qd2 Bxd4+ 19. cxd4 Bxe4 20. Ne5 Bg6 21. h4 f6 22.
Nxg6 hxg6 23. Bd3 f5 24. Qe3 Rae8 25. Qg5 Qe7 26. Qxg6 Qxh4 27. Rf3 Qxd4+ 28. Kh1 Qg4 29. Qxg4 fxg4 30. Rg3 Rd8 31. Bc4 Rf6 32. Rxg4 Rd1+ 33. Kh2 Rh6+ 34. Kg3 Rf6 35. Re4 Rd6 36. a3 Rg6+ 37.
Kf3 Rf6+ 38. Kg3 Rg6+ 39. Kf3 Rf6+ 40. Kg3 1/2-1/2

[Event "Live Chess"]
[Site "Chess.com"]
[Date "2023.05.21"]
[Round "-"]
[White "EdenHazard8"]
[Black "Tiltador"]
[Result "1-0"]
[WhiteElo "1925"]
[BlackElo "907"]
[TimeControl "300"]
[EndTime "8:14:22 PDT"]
[Termination "EdenHazard8 won by checkmate"]

1. e4 e5 2. Nf3 d6 3. Bc4 f6 4. Nh4 Ne7 5. Nc3 c6 6. d3 d5 7.
exd5 Nxd5 8. Bb5 cxb5 9. Qh5+ g6 10. Nxg6 Nf4 11. Nxf4+ Kd7 12. Qf7+ Qe7 13. Qd5+ Qd6 14. Qxd6+ Bxd6 15. Nfd5 Nc6 16. Nxb5 Nd4 17. Nxd4 exd4 18. Nxf6+ Kc7 19. Ne4 Bg4 20. f3 Bh5 21. Nxd6 Kxd6 22. Bf4+ Kd5 23. Kf2 Raf8 24. Bg3 Bg6 25. Rhe1 Re8 26.
Rxe8 Rxe8 27. Re1 Rxe1 28. Kxe1 b5 29. Kd2 a5 30. Bf2 h5 31. c3 dxc3+ 32. bxc3 Bf5 33. h3 b4 34. cxb4 axb4 35. g4 hxg4 36. hxg4 Bg6 37. f4 Ke6 38. f5+ Bxf5 39. gxf5+ Kxf5 40. Bc5 Ke5 41. Bxb4 Kd4 42. a4 Kd5 43. a5 Kc6 44. Kc3 Kb5 45. d4 Kc6 46. Kc4 Kb7 47. d5 Kc7 48.
d6+ Kd7 49. a6 Kc8 50. a7 Kb7 51. d7 Kxa7 52. d8=Q Ka6 53. Qa5+ Kb7 54. Qb5+ Kc8 55. Qa6+ Kd7 56. Qd6+ Ke8 57. Qe7# 1-0

[Event "Live Chess"]
[Site "Chess.com"]
[Date "2023.05.21"]
[Round "-"]
[White "ramses-IIG"]
[Black "TheSmoulderingMaster"]
[Result "0-1"]
[WhiteElo "873"]
[BlackElo "1657"]
[TimeControl "300"]
[EndTime "8:14:24 PDT"]
[Termination "TheSmoulderingMaster won by resignation"]

1. e4 c5 2. Nf3 d6 3. Bc4 Nc6 4. Ng5 e6 5. d3 Nf6 6. c3 Be7 7. Qf3 O-O 8. h4 Ne5 9. Qg3 a6 10. h5 b5 11. Bb3 Bb7 12. Bd1 c4 13. h6 Nxd3+ 14. Kd2 Bxe4 15. hxg7 Re8 16. Nxe4 Nxe4+ 17. Kc2 Nxg3 0-1

[Event "Live Chess"]
[Site "Chess.com"]
[Date "2023.05.21"]
[Round "-"]
[White "therealab0ne"]
[Black "PaulyD81"]
[Result "1-0"]
[WhiteElo "760"]
[BlackElo "1145"]
[TimeControl "300"]
[EndTime "8:14:31 PDT"]
[Termination "therealab0ne won on time"]

1. e4 d5 2. exd5 Qxd5 3. Nc3 Qa5 4. Bc4 Qe5+ 5. Nge2 Bg4 6. d3 Bxe2 7. Nxe2 Nc6 8. Bf4 Qa5+ 9. Bd2 Qe5 10. c3 e6 11.
d4 Qd6 12. O-O Nf6 13. Bf4 Qd8 14. Bg5 Be7 15. Re1 O-O 16. Ng3 h6 17. Bxf6 Bxf6 18. Qg4 Qe7 19. Nh5 Rad8 20. Re3 Na5 21. Rf3 Kh8 22.
Rxf6 g6 23. Bxe6 fxe6 24. Rxf8+ Qxf8 25. Qxe6 gxh5 26. Re1 Re8 27. Qxe8 Qxe8 28. Kf1 Qf7 29. f3 Kg7 30. g4 Qc4+ 31. Re2 Qxa2 32. Kf2 Qxb2 33. Rxb2 Nc4 34. Rxb7 Nd2 35. Rxc7+ Kg6 36. gxh5+ Kxh5 37. Rc5+ Kg6 38. Ke3 Nf1+ 39. Kf4 h5 40. Rg5+ Kh6 41. h4 1-0

[Event "Live Chess"]
[Site "Chess.com"]
[Date "2023.05.21"]
[Round "-"]
[White "Rusty_Bridges"]
[Black "HonestJoe1"]
[Result "0-1"]
[WhiteElo "1523"]
[BlackElo "2098"]
[TimeControl "300"]
[EndTime "8:14:35 PDT"]
[Termination "HonestJoe1 won by resignation"]

1. e4 c5 2. Be2 Nc6 3. f4 g6 4.
Nf3 Bg7 5. Nc3 d6 6. d3 Nf6 7. Be3 O-O 8. O-O Ng4 9. Bf2 Nxf2 10.
Rxf2 Nd4 11. Nxd4 Bxd4 12. Qe1 Bd7 13. Kh1 Bxf2 14. Qxf2 Bc6 15. h4 e6 16. h5 Kg7 17.
hxg6 hxg6 18. g3 Rh8+ 19. Kg2 Qe7 20. Rh1 Rxh1 21. Kxh1 Rh8+ 22. Kg2 Qf6 23. Bf3 Qd4 24. Qxd4+ cxd4 25. Ne2 e5 26. fxe5 dxe5 27. c3 dxc3 28.
bxc3 Rd8 29. d4 Bb5 30. d5 Rc8 31. Bg4 Rd8 32. Kf2 Kf6 33. Ke3 Kg5 34. Bf3 f5 35. exf5 gxf5 36. Bg2 Bxe2 37. Kxe2 Kg4 38. c4 Kxg3 39. Bh1 e4 40. c5 Kf4 41. Kd2 Ke5 42.
d6 Kd5 0-1

[Event "Live Chess"]
[Site "Chess.com"]
[Date "2023.05.21"]
[Round "-"]
[White "Ian-Morley"]
[Black "Dhaydon19"]
[Result "0-1"]
[WhiteElo "1112"]
[BlackElo "2689"]
[TimeControl "300"]
[EndTime "8:14:49 PDT"]
[Termination "Dhaydon19 won by checkmate"]

1. e4 e6 2. d4 d5 3. exd5 exd5 4.
Nd2 Nf6 5. b3 Be7 6. Bb2 O-O 7.
Ngf3 c6 8. Bd3 Bg4 9. O-O Nbd7 10. h3 Bh5 11. g4 Bg6 12. Bxg6 hxg6 13. Ne5 Bd6 14. Nxd7 Nxd7 15. Re1 Qf6 16. Qf3 Qg5 17. Bc1 Qh4 18. Qg2 Rae8 19. Nf3 Rxe1+ 20. Nxe1 f5 21. Nf3 Qf6 22. gxf5 Qxf5 23. c3 Qxf3 24. Qxf3 Rxf3 25. Kg2 Rxc3 26. Bb2 Rc2 27. Rb1 Nf6 28. a3 Ne4 29. Kg1 Nxf2 30. b4 Nxh3+ 31. Kh1 Rh2# 0-1

[Event "Live Chess"]
[Site "Chess.com"]
[Date "2023.05.21"]
[Round "-"]
[White "wot-not"]
[Black "NatashaRegan"]
[Result "0-1"]
[WhiteElo "1517"]
[BlackElo "1716"]
[TimeControl "300"]
[EndTime "8:15:04 PDT"]
[Termination "NatashaRegan won by checkmate"]

1. d4 f5 2. c4 Nf6 3. Nc3 g6 4. Bg5 Bg7 5. Bxf6 Bxf6 6. e4 d6 7.
Nf3 O-O 8. Be2 Nc6 9. O-O Bg7 10. Qd2 f4 11. Rad1 Bd7 12. h4 e5 13. d5 Ne7 14. h5 Qe8 15. hxg6 Qxg6 16. Nh2 Bh3 17. Bf3 Kh8 18. Qe2 Rg8 19. Bg4 Bxg2 20. Kxg2 h5 21. Kh1 hxg4 22. Qxg4 Qh7 23. Rg1 Bf6 24. Qd7 f3 25.
Qxc7 Rg2 26. Rxg2 fxg2+ 27. Kxg2 Rg8+ 28. Kf3 Qxh2 29. Qxd6 Qg2+ 30. Ke3 Bg5+ 31. Kd3 Qf3+ 32. Kc2 Qxf2+ 33. Kb1 Qf6 34. Rh1+ Kg7 35. Qd7 Rh8 36.
Rd1 Rh2 37. d6 Qf2 38. Na4 Qc2+ 39. Ka1 Qxd1# 0-1

[Event "Live Chess"]
[Site "Chess.com"]
[Date "2023.05.21"]
[Round "-"]
[White "SinisterSide"]
[Black "TheSmoulderingMaster"]
[Result "0-1"]
[WhiteElo "490"]
[BlackElo "1657"]
[TimeControl "300"]
[EndTime "8:15:21 PDT"]
[Termination "TheSmoulderingMaster won by resignation"]

1. e4 c5 2. Nc3 Nc6 3. Nf3 e6 4. Bc4 g6 5. Ng5 Qxg5 6. d3 Qxg2 7. Bg5 Qxh1+ 8. Ke2 Nd4+ 9. Kd2 Nf3+ 10. Qxf3 Qxf3 11. Ke1 0-1

[Event "Live Chess"]
[Site "Chess.com"]
[Date "2023.05.21"]
[Round "-"]
[White "jimwad"]
[Black "GEMdzq"]
[Result "0-1"]
[WhiteElo "1218"]
[BlackElo "2225"]
[TimeControl "300"]
[EndTime "8:15:35 PDT"]
[Termination "GEMdzq won by checkmate"]

1. c4 b6 2. Nf3 Bb7 3. d4 e6 4.
Nc3 f5 5. d5 Bd6 6. dxe6 dxe6 7.
Bg5 Nf6 8. e3 O-O 9. Bd3 Nbd7 10. O-O Nc5 11. Bc2 Qe8 12. Bxf6 Rxf6 13. b4 Qh5 14. h3 Rg6 15. Kh1 Ne4 16. Nh2 Qxh3 17.
gxh3 Nxf2# 0-1

[Event "Live Chess"]
[Site "Chess.com"]
[Date "2023.05.21"]
[Round "-"]
[White "LaupMiths"]
[Black "Shepherds_Pie"]
[Result "0-1"]
[WhiteElo "1815"]
[BlackElo "1942"]
[TimeControl "300"]
[EndTime "8:15:42 PDT"]
[Termination "Shepherds_Pie won by resignation"]

1. d4 Nf6 2. c4 c5 3. Nf3 cxd4 4. Nxd4 e5 5. Nb5 d5 6. cxd5 Bc5 7. N1c3 O-O 8. g3 a6 9. Na3 b5 10. Nc2 Ng4 11.
Ne3 Nxe3 12. Bxe3 Bxe3 13. fxe3 f5 14. Bg2 Qb6 15. Qd3 Nd7 16. O-O Rb8 17. d6 f4 18.
Kh1 Nf6 19. exf4 e4 20. Nxe4 Bb7 21. Nxf6+ Rxf6 22. d7 Rd8 23. e4 Rd6 24. Qb3+ Kh8 25.
Rad1 R6xd7 26. Rxd7 Rxd7 27. h3 h6 28. f5 Rd4 29. Qf7 Rxe4 30. f6 gxf6 31. Qxf6+ Qxf6 32. Rxf6 Re1+ 33. Kh2 Re2 34. Rxh6+ Kg7 35. Rb6 Bxg2 36. Kg1 Rxb2 37. Rxa6 Bd5 38. a4 bxa4 39. Rxa4 Rg2+ 40.
Kf1 Kf6 41. Rf4+ Ke5 42. Rg4 Ra2 43. h4 Bf3 44. Rf4 Be4 45. Rg4 Ra1+ 46. Kf2 Ra2+ 47. Ke3 Ra3+ 48. Kf2 Bf3 49. Rf4 Bh5 50. Rb4 Ra2+ 51.
Kg1 Bf3 52. h5 Rg2+ 53. Kf1 Rxg3 54. Kf2 Rh3 55. Rb3 Ke4 56. Rb4+ Kf5 57. Rb3 Rh2+ 58.
Kg3 Rxh5 59. Rxf3+ Ke5 60. Rf7 Ke6 61. Rf4 Ke5 62. Rg4 Rf5 63. Ra4 Rf8 64. Ra5+ Kd4 65. Ra4+ Kc5 66. Ra3 Kb4 67. Rc3 Kxc3 68. Kg4 Kd4 69.
Kg5 Ke4 70. Kg6 Rf1 71. Kg7 Ke5 72. Kg6 0-1

[Event "Live Chess"]
[Site "Chess.com"]
[Date "2023.05.21"]
[Round "-"]
[White "LanceMaster23"]
[Black "AttackingSnowLeopard"]
[Result "0-1"]
[WhiteElo "1971"]
[BlackElo "2161"]
[TimeControl "300"]
[EndTime "8:15:53 PDT"]
[Termination "AttackingSnowLeopard won on time"]

1. Nf3 d5 2. d4 Nf6 3. Bf4 c5 4. e3 Nc6 5. c3 cxd4 6. exd4 Bf5 7. Nbd2 h6 8. Be2 e6 9. O-O Bd6 10. Bg3 O-O 11. Re1 Qc7 12. a4 Ne4 13. Nxe4 Bxe4 14. Nd2 Bh7 15. Bf3 Ne7 16. Qb3 Nf5 17. Nf1 Bxg3 18.
hxg3 Nd6 19. Ne3 a5 20. Bd1 Rab8 21. Bc2 Bxc2 22. Qxc2 b5 23. axb5 Rxb5 24. Re2 Rfb8 25. Rb1 Nc4 26. Nxc4 Qxc4 27. Re3 a4 28. Qe2 Qxe2 29.
Rxe2 Rb3 30. Ra1 Ra8 31. Rc2 Kf8 32. c4 dxc4 33. Rxc4 Rxb2 34. Rcxa4 Rxa4 35. Rxa4 Rd2 36. Kf1 Ke7 37. Ke1 Rb2 38. Ra7+ Kf6 39. Rd7 h5 40. d5 e5 41. Ra7 Rb6 42. Ke2 Rd6 43. Ra5 e4 44. Ke3 Ke5 45. Ra4 f5 46. f4+ exf3 47.
gxf3 Rxd5 48. f4+ Kf6 49. Ra6+ Kf7 50. Ra7+ Kg6 51. Ra6+ Kh7 52. Ra7 Rb5 53. Rf7 Rb3+ 54. Kf2 Kg6 55. Rf8 Ra3 56. Kg2 Ra2+ 57. Kh3 Rf2 58.
Rb8 h4 59. Rb6+ Kh5 60. gxh4 Rf3+ 61. Kg2 Rxf4 62. Rb5 Kxh4 63. Rb7 g5 64. Rh7+ Kg4 65. Kh2 Ra4 66. Kg1 f4 67. Kf2 Ra2+ 68. Kf1 Kg3 69.
Rh8 g4 70. Ke1 Ra1+ 0-1

[Event "Live Chess"]
[Site "Chess.com"]
[Date "2023.05.21"]
[Round "-"]
[White "PantherCal"]
[Black "FierceFighter2000"]
[Result "0-1"]
[WhiteElo "1849"]
[BlackElo "2045"]
[TimeControl "300"]
[EndTime "8:15:53 PDT"]
[Termination "FierceFighter2000 won by resignation"]

1. e4 c6 2. d4 d5 3. e5 c5 4. dxc5 e6 5. Nf3 Nd7 6. a3 Bxc5 7. b4 Bb6 8. Bd3 Ne7 9. O-O Ng6 10. Re1 O-O 11. Nbd2 a5 12. Bb2 Qe7 13. b5 Nc5 14. Bf1 Bd7 15. a4 Rac8 16. Rc1 Nxa4 17. c4 Nxb2 0-1

[Event "Live Chess"]
[Site "Chess.com"]
[Date "2023.05.21"]
[Round "-"]
[White "WelshTiger"]
[Black "BJAW87"]
[Result "1-0"]
[WhiteElo "2335"]
[BlackElo "1443"]
[TimeControl "300"]
[EndTime "8:15:56 PDT"]
[Termination "WelshTiger won by resignation"]

1. e4 c6 2. d4 d5 3. f3 Nd7 4. Nc3 e5 5. exd5 exd4 6. Qxd4 cxd5 7. Nxd5 Bc5 8. Qe4+ Be7 9. Be3 Qa5+ 10. c3 Qd8 11. O-O-O Ngf6 12. Nxf6+ gxf6 13. Bc5 Rb8 14. Bb5 b6 15. Bd6 Rb7 16. Nh3 Kf8 17. Rhe1 Bxd6 18.
Rxd6 Ne5 19. Rxd8+ 1-0

[Event "Live Chess"]
[Site "Chess.com"]
[Date "2023.05.21"]
[Round "-"]
[White "PiotrD11"]
[Black "martinsmartin63"]
[Result "1-0"]
[WhiteElo "1378"]
[BlackElo "751"]
[TimeControl "300"]
[EndTime "8:16:01 PDT"]
[Termination "PiotrD11 won by resignation"]

1. e4 e5 2. Nf3 Nc6 3. Bb5 d6 4.
h3 Bd7 5. O-O Be7 6. Re1 Nf6 7. c3 a6 8. Ba4 O-O 9. Bc2 Qc8 10. d4 Bxh3 11. dxe5 Nxe5 12. Nxe5 dxe5 13. g3 Bg4 14. Qd2 Rd8 15. Qe3 b6 16. Nd2 Bc5 17.
Qg5 Bxf2+ 18. Kxf2 Nxe4+ 19. Nxe4 Qf5+ 20. Qxf5 Bxf5 21. Nf6+ gxf6 22. Bxf5 1-0

[Event "Live Chess"]
[Site "Chess.com"]
[Date "2023.05.21"]
[Round "-"]
[White "JoshMcK"]
[Black "Man-Del-Brot"]
[Result "1-0"]
[WhiteElo "1574"]
[BlackElo "1079"]
[TimeControl "300"]
[EndTime "8:16:07 PDT"]
[Termination "JoshMcK won by resignation"]

1. e4 e5 2. Nf3 Nc6 3. Bb5 Nge7 4.
d4 a6 5. Bxc6 Nxc6 6. d5 Nb8 7.
Nxe5 d6 8. Nf3 h6 9. O-O Bg4 10.
c4 Nd7 11. Be3 Ne5 12. Nbd2 Be7 13. Qb3 Bxf3 14. Nxf3 Nxf3+ 15. gxf3 Bg5 16. Qxb7 O-O 17. Bxg5 Qxg5+ 18. Kh1 Rae8 19. Qxc7 Re5 20. Qxd6 Qf4 21. Rg1 Qxf3+ 22. Rg2 Rg5 23. Rg1 h5 24. Qa3 Qxe4 25. f3 Rxg2 26. fxe4 Rxg1+ 27. Kxg1 Re8 28. Qxa6 Rxe4 29.
Qc8+ Kh7 30. Qf5+ 1-0

[Event "Live Chess"]
[Site "Chess.com"]
[Date "2023.05.21"]
[Round "-"]
[White "LiamClery2020"]
[Black "CheckThis4"]
[Result "0-1"]
[WhiteElo "2009"]
[BlackElo "2531"]
[TimeControl "300"]
[EndTime "8:16:08 PDT"]
[Termination "CheckThis4 won by resignation"]

1. e4 d5 2. exd5 Nf6 3. d4 Bg4 4. Be2 Bxe2 5. Qxe2 Qxd5 6. Nf3 Nc6 7. Nc3 Qf5 8. Be3 e6 9. Nh4 Qa5 10. Nf3 Bb4 11.
Bd2 O-O-O 12. O-O Nxd4 13. Nxd4 Rxd4 14. a3 Bd6 15. Ne4 Rxe4 16. Qxe4 Qxd2 17. Qa4 a6 18.
Rad1 Qh6 19. g3 Qh3 20. Rd4 h5 21. Rh4 Qf5 22. Qb3 g5 23. Rb4 Bxb4 0-1

[Event "Live Chess"]
[Site "Chess.com"]
[Date "2023.05.21"]
[Round "-"]
[White "BillythekidFellowes"]
[Black "JohanKjeldahl"]
[Result "1-0"]
[WhiteElo "2121"]
[BlackElo "1886"]
[TimeControl "300"]
[EndTime "8:16:18 PDT"]
[Termination "BillythekidFellowes won by resignation"]

1. e4 c5 2. Nf3 e6 3. d4 cxd4 4. Nxd4 Nc6 5. Nc3 Qc7 6. Be3 a6 7.
g3 Nf6 8. Bg2 Be7 9. O-O O-O 10.
a4 b6 11. e5 Ne8 12. Nxc6 dxc6 13. a5 bxa5 14. Na4 Bb7 15. Bb6 Qxe5 16. Qd7 Nd6 17.
Qxe7 Rfe8 18. Qh4 Nf5 19. Qc4 1-0

[Event "Live Chess"]
[Site "Chess.com"]
[Date "2023.05.21"]
[Round "-"]
[White "diana21strabt"]
[Black "raminguy"]
[Result "1-0"]
[WhiteElo "1747"]
[BlackElo "1949"]
[TimeControl "300"]
[EndTime "8:16:41 PDT"]
[Termination "diana21strabt won by checkmate"]

1. e4 e5 2. Nf3 Nc6 3. d4 exd4 4. Bc4 Nf6 5. O-O Bc5 6. e5 Ne4 7. Re1 Nxf2 8. Kxf2 d3+ 9. Be3 dxc2 10. Qxc2 Bxe3+ 11. Rxe3 O-O 12. Bd3 g6 13. h4 Kg7 14. h5 d6 15.
hxg6 fxg6 16. exd6 cxd6 17. Nd2 Bg4 18. Rh1 Bf5 19. Bxf5 Rxf5 20. Qc3+ Ne5 21. Ke2 Rc8 22. Qd4 Qf6 23. Nxe5 Rf2+ 24. Kd1 dxe5 25. Qd7+ Qf7 26. Qxc8 Qd5 27. Qc7+ Kf6 28. Rf3+ Rxf3 29. gxf3 Qxa2 30.
Qd8+ Kf5 31. Qf8+ Kg5 32. Ne4# 1-0

[Event "Live Chess"]
[Site "Chess.com"]
[Date "2023.05.21"]
[Round "-"]
[White "chessfiction"]
[Black "KeithArkell"]
[Result "0-1"]
[WhiteElo "2292"]
[BlackElo "2463"]
[TimeControl "300"]
[EndTime "8:16:47 PDT"]
[Termination "KeithArkell won by resignation"]

1. e4 c6 2. d4 d5 3. exd5 cxd5 4. c4 Nf6 5. Nc3 g6 6. c5 Nc6 7. h3 Bg7 8. Nf3 Bf5 9. Bd3 Bxd3 10. Qxd3 b6 11. Qb5 Qd7 12. cxb6 axb6 13. Qxb6 O-O 14. O-O Rfb8 15. Qc5 Ne4 16. Nxe4 dxe4 17. Ne5 Qxd4 18.
Qxc6 Bxe5 19. Be3 Qxb2 20. Qxe4 Bf6 21. Bf4 Rc8 22. Rac1 Qxa2 23. h4 h5 24. Rfd1 Rxc1 25. Rxc1 Kg7 26. g3 Ra4 27. Qe3 Qd5 28. Re1 Qf5 29. Kg2 Kh7 30. Bg5 e6 31. Bxf6 Qxf6 32.
Qf3 Qxf3+ 33. Kxf3 Kg7 34. Rb1 Kf6 35. Rb3 Ra5 36.
Kg2 g5 37. hxg5+ Kxg5 38. Kf3 Ra4 39. Kg2 h4 40. gxh4+ Rxh4 41. Kg3 Rg4+ 42. Kf3 Rf4+ 43. Kg3 e5 44. Rb8 f6 45. Rg8+ Kf5 46. Rb8 Rc4 47. Rb3 Ke4 48. Re3+ Kd5 49. Rb3 f5 50. Rb5+ Rc5 51. Rb3 Rc8 52. Rb7 Rc3+ 53. Kg2 e4 54. Rb5+ Ke6 55. Rb6+ Ke5 56. Rb5+ Kf6 57. Rb6+ Kg5 58.
Rb5 Kg4 59. Rb8 Rc2 60. Rg8+ Kf4 61. Re8 Ra2 62. Re7 Kg5 63. Re8 Kf6 64. Rf8+ Kg6 65.
Re8 Kf7 66. Re5 Kf6 67. Re8 Ra3 68. Rf8+ Ke6 69. Re8+ Kf7 70. Re5 Kf6 71. Re8 Ra6 72.
Rf8+ Kg5 73. Rg8+ Rg6 74. Re8 Kf6+ 75. Kf1 Rg7 76. Rf8+ Rf7 77. Re8 Re7 78. Rf8+ Kg5 79. Ke2 f4 80. Rg8+ Kf5 81. Rf8+ Ke5 82. Rb8 Rd7 83.
Rb5+ Rd5 84. Rb8 f3+ 85. Ke1 Rc5 86. Re8+ Kd4 87. Rd8+ Rd5 88. Rxd5+ Kxd5 89. Kd2 Kd4 90. Kd1 Kd3 91. Ke1 Kc2 92. Kf1 Kd2 93. Kg1 Ke2 94. Kh1 Kxf2 0-1

[Event "Live Chess"]
[Site "Chess.com"]
[Date "2023.05.21"]
[Round "-"]
[White "mattihelenius2"]
[Black "Cimon"]
[Result "0-1"]
[WhiteElo "495"]
[BlackElo "1845"]
[TimeControl "300"]
[EndTime "8:16:49 PDT"]
[Termination "Cimon won by checkmate"]

1. d4 d5 2. c4 c6 3. b3 Nf6 4. Nc3 a6 5. Nf3 Bf5 6. Bg5 e6 7. Bxf6 Qxf6 8. Ne5 Bd6 9. f4 Bb4 10. Qd2 O-O 11. g3 Be4 12. Rg1 Rd8 13. h4 Nd7 14.
Rd1 Qe7 15. Ra1 f6 16. Ng4 e5 17. dxe5 fxe5 18. fxe5 Nxe5 19. Nxe5 Qxe5 20. Qg5 Bxc3+ 21. Kd1 Qd4+ 22. Kc1 Bxa1 23. Qe7 Qb2+ 24. Kd1 dxc4+ 25. Ke1 Qc3+ 26. Kf2 Qd4+ 27. Ke1 Qd2+ 28. Kf2 Bd4# 0-1

[Event "Live Chess"]
[Site "Chess.com"]
[Date "2023.05.21"]
[Round "-"]
[White "robotking06"]
[Black "Mugzwang"]
[Result "0-1"]
[WhiteElo "308"]
[BlackElo "1457"]
[TimeControl "300"]
[EndTime "8:16:51 PDT"]
[Termination "Mugzwang won by checkmate"]

1. e4 e6 2. e5 d5 3. exd6 Bxd6 4. Bb5+ Bd7 5. Bxd7+ Qxd7 6. Qg4 f5 7. Qh5+ Qf7 8.
Qxf7+ Kxf7 9. Nf3 Nc6 10. d4 Nf6 11. Bg5 Nb4 12. a3 Nxc2+ 13. Kd1 Nxa1 14. Nfd2 h6 15. Bxf6 gxf6 16. Kc1 Bf4 17. Re1 Bxd2+ 18. Kxd2 Nb3+ 19.
Kc3 Na5 20. b4 Nc6 21. b5 Ne7 22. Nd2 Nd5+ 23. Kc4 Rhg8 24. Kc5 Rxg2 25. Re3 Nxe3 26. Nf3 Rxf2 27. Ng5+ fxg5 28. Kb4 Rxh2 29. Ka5 Nd5 30. Ka4 Rh3 31. Ka5 Rxa3# 0-1

[Event "Live Chess"]
[Site "Chess.com"]
[Date "2023.05.21"]
[Round "-"]
[White "Ed_Knox"]
[Black "Pablo_dmp"]
[Result "0-1"]
[WhiteElo "1477"]
[BlackElo "1858"]
[TimeControl "300"]
[EndTime "8:17:00 PDT"]
[Termination "Pablo_dmp won on time"]

1. d4 Nf6 2. Bf4 d5 3. e3 e6 4. Nf3 c5 5. Nc3 Nc6 6. Nb5 e5 7. dxe5 Nh5 8. Bg5 Be7 9. Bxe7 Qxe7 10. Nd6+ Kf8 11. Nxc8 Rxc8 12. Qxd5 Nb4 13. Qc4 b5 14. Qe2 g6 15. c3 Nd5 16. Qxb5 Ng7 17. Qa6 Rd8 18.
Bc4 Nb6 19. Bb3 Nf5 20. O-O h5 21. Rfd1 Kg7 22. Rxd8 Rxd8 23. Rd1 c4 24. Rxd8 Qxd8 25. Bc2 Ne7 26. Qxa7 Nc6 27. Qa3 Nxe5 28. Nd4 Nd5 29. Qc5 Nd3 30. Bxd3 cxd3 31. Kf1 Qg5 32. g3 Nxe3+ 33.
fxe3 Qxc5 34. Ke1 Qe7 35. Kd2 Qe4 36. h3 Qg2+ 37. Kxd3 Qxb2 38. e4 Qxa2 39. e5 Qg2 40. e6 Qxg3+ 41. Kc4 Qxh3 42. Kd5 fxe6+ 43. Nxe6+ Kf6 44.
Nf4 Kf5 45. Ne6 Kg4 46. Nf4 Kxf4 47. c4 Qd3+ 48. Kc5 Ke5 49. Kb4 Qd4 50. Ka5 Kd6 0-1

[Event "Live Chess"]
[Site "Chess.com"]
[Date "2023.05.21"]
[Round "-"]
[White "FlyingChessKestrel13"]
[Black "Hussamalhaidar"]
[Result "1-0"]
[WhiteElo "2060"]
[BlackElo "1155"]
[TimeControl "300"]
[EndTime "8:17:05 PDT"]
[Termination "FlyingChessKestrel13 won by resignation"]

1. e4 d6 2. d4 e5 3. Nf3 exd4 4. Nxd4 Nf6 5. Nc3 c5 6. Ndb5 Qb6 7. Bf4 a6 8. Nxd6+ Bxd6 9. Bxd6 Be6 10. Rb1 Nc6 11. e5 Nd7 12. f4 f6 13. Bd3 fxe5 14. fxe5 Ncxe5 15. Bxe5 Nxe5 16. Qh5+ Ng6 17. Bxg6+ Ke7 18. Be4 Rhf8 19. Qe5 Rad8 20. Rd1 c4 21. Qg5+ Rf6 22. Rf1 h6 23. Qxg7+ Bf7 24. Qxf6+ Qxf6 25. Rxf6 Kxf6 26. Rxd8 1-0